 Dungeon Crawl Stone Soup version 0.29.1-13-g9f3cf754e1 (webtiles) character file.

Game seed: 176244003579340139

111 Thatpatchoflichen the Shooter (level 5, -4/41 HPs)
             Began as a Human Hunter on Feb 11, 2023.
             Killed by divine providence
             ... invoked by an orc priest
              (15 damage)
             ... on level 3 of the Dungeon.
             The game lasted 00:05:22 (2758 turns).

Thatpatchoflichen the Shooter (Human Hunter)        Turns: 2758, Time: 00:05:23

Health: -4/41      AC:  4    Str: 11    XL:     5   Next: 15%
Magic:  5/5        EV: 13    Int: 10    God:
Gold:   105        SH:  0    Dex: 18    Spells: 4/4 levels left

rFire   . . .      SeeInvis .   a - +0 shortbow
rCold   . . .      Faith    .   (shield currently unavailable)
rNeg    . . .      Spirit   .   c - +0 leather armour
rPois   .          Reflect  .   q - +0 helmet
rElec   .          Harm     .   (no cloak)
rCorr   .          Rampage  .   (no gloves)
Will    .....                   (no boots)
Stlth   ++........              (no amulet)
HPRegen 0.13/turn               (no ring)
MPRegen 0.09/turn               (no ring)

@: no status effects
A: no striking features
a: no special abilities


You were on level 3 of the Dungeon.
You visited 1 branch of the dungeon, and saw 3 of its levels.

You collected 105 gold pieces.

Inventory:

Hand Weapons
 a - a +0 shortbow (weapon)
Missiles
 f - 8 boomerangs
 m - 6 poisoned darts
Armour
 c - a +0 leather armour (worn)
 q - a +0 helmet (worn)
Wands
 p - a wand of roots (10)
Scrolls
 b - 2 scrolls of immolation
 e - a scroll of magic mapping {unknown}
 h - 4 scrolls of identify {unknown}
 j - 2 scrolls of teleportation {unknown}
 n - a scroll of brand weapon {unknown}
 o - a scroll of fear {unknown}
Potions
 d - 2 potions of heal wounds {unknown}
 g - 2 potions of mutation {unknown}
 i - 3 potions of degeneration {unknown}
 k - 3 potions of brilliance {unknown}
 l - a potion of invisibility {unknown}
 r - 2 potions of flight {unknown}
 s - a potion of might {unknown}
 t - a potion of attraction {unknown}


   Skills:
 + Level 3.2 Fighting
 + Level 4.7 Ranged Weapons
 + Level 3.2 Dodging
 - Level 1.0 Stealth


You had 4 spell levels left.
You didn't know any spells.
Your spell library was empty.

Dungeon Overview and Level Annotations

Branches:
Dungeon (3/15)

Altars:
Ru

Shops:
D:1 ?

Annotations:
D:3 1 runed translucent door, Crazy Yiuf, Ijyb


Message History

Fire: a) +0 shortbow
Press: ? - help, Q - select action, (/) - cycle Shift-Dir - straight line, f - orc priest
Aim: an orc priest, wielding a +0 dagger and wearing a +0 leather armour (asleep, 98% to hit)
You shoot an arrow. The arrow hits the orc priest.
The orc priest shouts!
The orc priest is lightly wounded.
You hear a shout!
Unknown command.
Fire: a) +0 shortbow
Press: ? - help, Q - select action, (/) - cycle Shift-Dir - straight line, f/p - orc priest
Aim: an orc priest, wielding a +0 dagger and wearing a +0 leather armour (lightly wounded, 64% to hit)
You shoot an arrow. The arrow barely misses the orc priest.
The orc priest mumbles some strange prayers to Beogh against you.
Beogh smites you!
Unknown command.
Fire: a) +0 shortbow
Press: ? - help, Q - select action, (/) - cycle Shift-Dir - straight line, f/p - orc priest
Aim: an orc priest, wielding a +0 dagger and wearing a +0 leather armour (lightly wounded, 64% to hit)
You shoot an arrow. The arrow barely misses the orc priest.
Unknown command.
Unknown command.
Fire: a) +0 shortbow
Press: ? - help, Q - select action, (/) - cycle Shift-Dir - straight line, f/p - orc priest
Aim: an orc priest, wielding a +0 dagger and wearing a +0 leather armour (lightly wounded, 64% to hit)
You shoot an arrow. The arrow hits the orc priest.
The orc priest is moderately wounded.
An orc priest comes into view. It is wielding a +0 hand axe.
Unknown command.
Fire: a) +0 shortbow
Press: ? - help, Q - select action, (/) - cycle Shift-Dir - straight line, f/p - orc priest
Aim: an orc priest, wielding a +0 dagger and wearing a +0 leather armour (moderately wounded, 64% to hit)
Okay, then.
The orc priest looks braver for a moment.
You see here a rat corpse.
The orc priest calls down the wrath of Beogh upon you.
Beogh smites you!
* * * LOW HITPOINT WARNING * * *
The orc priest invokes the aid of Beogh against you.
Beogh smites you!
You die...

#..# #.# #..#.#.# ##..####
#..####.###..#.#.####......
#............#.#.#.....#.#.
.##..##.######.#.#.###.#.....
.o...##.# #.#.#..##(#.##.#
####.##..######.#.#..##.#...<.
#..............##.##.#....#
###o#.######.####.##.......
#...o..†..@..# #.##...#..#
#...#.######## #.##...#..) #..
#.# #######.##...#g.# #..
................. #...
..###.#......#... #..#.
.................
..#...#.###.#.......... ##..
.. #......##.#.. #.. #.
#............


You could see 2 orc priests.

Vanquished Creatures
  An orc wizard (D:3)
  4 adders
  2 worms (D:2)
  An orc (D:3)
  2 endoplasms
  2 giant cockroaches
  6 goblins
  3 hobgoblins
  2 quokkas (D:1)
  10 ball pythons
  A bat (D:2)
  A frilled lizard (D:1)
  6 kobolds
  5 rats
46 creatures vanquished.

Notes
Turn   | Place    | Note
-------+----------+-------------------------------------------
     0 | D:1      | Thatpatchoflichen the Human Hunter began the quest for the
                  | Orb.
     0 | D:1      | Reached XP level 1. HP: 16/16 MP: 1/1
   214 | D:1      | Reached XP level 2. HP: 22/22 MP: 2/2
   291 | D:1      | Found a faded altar of an unknown god.
   749 | D:1      | Found Ikeheop's Magic Scroll Shop.
   791 | D:2      | Reached XP level 3. HP: 24/28 MP: 3/3
  1459 | D:2      | Reached XP level 4. HP: 34/34 MP: 4/4
  2004 | D:3      | Found a runed translucent door.
  2005 | D:3      | Noticed Crazy Yiuf
  2029 | D:3      | Noticed Ijyb
  2364 | D:3      | Found a sacrificial altar of Ru.
  2372 | D:3      | Reached XP level 5. HP: 39/41 MP: 5/5
  2758 | D:3      | Killed from afar by an orc priest

Illustrated notes

Levels and vault maps discovered:
D:1:      heliophobic_arrival_enchanted_forest, layout_loops_corners,
          serial_shops, shop, nicolae_ecumenical_snake_handling,
          minmay_tetromino_i2
D:2:      layout_loops_corners
D:3:      layout_basic, nicolae_ru_great_annihilating_truth, serial_shops,
          nicolae_diamond_shop, serial_undead, serial_undead_b, serial_undead_c,
          serial_undead_d, serial_undead_b, uniq_crazy_yiuf_cottage,
          uniq_jessica, uniq_ijyb

Skill      XL: |  1  2  3  4 |
---------------+-------------+-----
Dodging        | 3 |  3.2
Fighting       | 3 |  3.2
Ranged Weapons | |  4.7
Stealth        | |  1.0

Action                   |  1- 3 |  4- 6 || total
-------------------------+-------+-------++-------
 Fire: Shortbow          |    55 |    67 ||   122
Armor: Leather armour    |     6 |     8 ||    14
Dodge: Dodged            |     5 |    17 ||    22
